[Event "Titled Tuesday Blitz March 29 Early 2022"]
[White "Omariev, Maksim"]
[Black "Karavaeva, Olga"]
[WhiteFideId "4193423"]
[BlackFideId "4124111"]
[WhiteElo "2525"]
[BlackElo "2105"]
[Result "0-1"]
[Round "10"]
[TimeControl "180+1"]
[Date "2022.03.30"]
[WhiteClock "0:00:06"]
[BlackClock "0:00:45"]

1. g4 d5 2. Bg2 c6 3. h3 h5 4. g5 g6 5. d4 Bg7 6. c4 e6 7. Nf3 dxc4 8. a4 Nd7 9. Na3 Ne7 10. Nxc4 O-O 11. Bf4 Nb6 12. Nd6 Nf5 13. Ne4 Nxd4 14. Bd6 Nxf3+ 15. Bxf3 Re8 16. Qc2 Nd5 17. h4 e5 18. Ba3 Bf5 19. Qb3 Qb6 20. Qxb6 axb6 21. Nd6 Re6 22. Nxb7 e4 23. Bg2 c5 24. O-O-O Nf4 25. Bf1 Rxa4 26. e3 Nd3+ 27. Bxd3 exd3 28. Rhe1 Rc4+ 29. Kb1 d2+ 30. Ka2 dxe1=Q 31. Rxe1 Rc2 32. f3 Re7 33. Nd6 Ra7 34. e4 Rxb2+ 0-1


[Site "https://www.chess.com"]

[Event "Titled Tuesday Blitz March 29 Early 2022"]
[White "Omelja, Artem"]
[Black "Shvedova, Alexandra"]
[WhiteFideId "14119846"]
[BlackFideId "54154782"]
[WhiteElo "2382"]
[BlackElo "1912"]
[Result "1-0"]
[Round "10"]
[TimeControl "180+1"]
[Date "2022.03.30"]
[WhiteClock "0:00:13"]
[BlackClock "0:00:13"]

1. d4 Nf6 2. c4 e6 3. Nf3 d5 4. Nc3 dxc4 5. e3 a6 6. Bxc4 b5 7. Be2 Bb7 8. O-O Nbd7 9. a3 c5 10. dxc5 Bxc5 11. b4 Be7 12. Bb2 O-O 13. Qb3 Rc8 14. Rfd1 Qc7 15. Rac1 Qb8 16. Nd4 Rfd8 17. a4 bxa4 18. Qxa4 Nb6 19. Qa3 Nc4 20. Qb3 Nxb2 21. Qxb2 Bd6 22. h3 h6 23. Ra1 Nd5 24. Nxd5 exd5 25. Bxa6 Bxa6 26. Rxa6 Qb7 27. Rda1 Bxb4 28. Ra7 Qb6 29. Nf5 d4 30. Nxd4 Bc5 31. Qxb6 Bxb6 32. R7a4 Bxd4 33. Rxd4 Rxd4 34. exd4 Kf8 35. g3 Ke7 36. Kg2 Ke6 37. Ra6+ Kd5 38. Ra7 Rf8 39. Rd7+ Ke6 40. Ra7 Rd8 41. Ra4 Kd5 42. Kf3 g6 43. Ra7 Ke6 44. Ke4 f5+ 45. Ke3 Kf6 46. Ra6+ Kf7 47. h4 g5 48. hxg5 hxg5 49. Kd3 Rd7 50. f4 gxf4 51. gxf4 Rb7 52. Kc4 Rc7+ 53. Kd5 Rb7 54. Ke5 Rb4 55. Ra7+ Ke8 56. Ke6 Rxd4 57. Ra8+ Rd8 58. Rxd8+ Kxd8 59. Kxf5 Ke7 60. Ke5 Kf7 61. Kf5 Kg7 62. Ke6 Kg8 63. Ke7 Kg7 64. f5 Kh6 65. f6 Kg6 66. f7 Kf5 67. f8=Q+ Ke5 68. Qf6+ Kd5 69. Qe6+ Kd4 70. Kf6 Kc5 71. Ke5 Kb5 72. Qd5+ Kb4 73. Kd4 Ka4 74. Qc5 Kb3 75. Kd3 Ka2 76. Qb4 Ka1 77. Kc2 Ka2 78. Qa4# 1-0


[Site "https://www.chess.com"]

[Event "Titled Tuesday Blitz March 29 Early 2022"]
[White "Oro, Luis"]
[Black "Yang, Kaiqi"]
[WhiteFideId "104094"]
[BlackFideId "8604398"]
[WhiteElo "2381"]
[BlackElo "2373"]
[Result "1-0"]
[Round "10"]
[TimeControl "180+1"]
[Date "2022.03.30"]
[WhiteClock "0:00:27"]
[BlackClock "0:00:01"]

1. e4 e6 2. d4 d5 3. Nd2 Nf6 4. e5 Nfd7 5. Bd3 c5 6. c3 b6 7. Ne2 Ba6 8. Bxa6 Nxa6 9. O-O Nc7 10. Nf3 Be7 11. g3 Nb8 12. h4 Nc6 13. Be3 Qd7 14. Kg2 h6 15. Qd2 c4 16. b3 b5 17. Nf4 g6 18. Rab1 a6 19. Rh1 a5 20. Qe2 a4 21. b4 O-O-O 22. Qd2 Rdg8 23. Ne2 Bf8 24. g4 Kb7 25. Ne1 Ne8 26. f4 f5 27. gxf5 gxf5+ 28. Kf2 h5 29. Nf3 Rg4 30. Rbg1 Bh6 31. Ng5 Ne7 32. Ng3 Bxg5 33. hxg5 h4 34. Nf1 Ng6 35. Nh2 Rxg1 36. Rxg1 h3 37. Rg3 Qh7 38. Qe2 Ng7 39. Kg1 Qh4 40. Qf2 Nh5 41. Rf3 Ng7 42. Qxh4 Rxh4 43. Bf2 Rxf4 44. Rxh3 Kc8 45. Rh7 Ne8 46. Rh6 Ne7 47. g6 Kd8 48. Be3 Re4 49. Kf2 Ng8 50. Rh8 Ne7 51. g7 f4 52. Bd2 Kd7 53. g8=Q Nxg8 54. Rxg8 f3 55. Nxf3 Nc7 56. Rg7+ Kc6 57. Ng5 Rg4 58. Nxe6 Rh4 59. Rxc7+ Kb6 60. Rd7 Rh6 61. Bxh6 1-0


[Site "https://www.chess.com"]

[Event "Titled Tuesday Blitz March 29 Early 2022"]
[White "Osmonbekov, Talaibek"]
[Black "Simonovic, Miroslav"]
[WhiteFideId "2017253"]
[BlackFideId "919152"]
[WhiteElo "2135"]
[BlackElo "2043"]
[Result "1-0"]
[Round "10"]
[TimeControl "180+1"]
[Date "2022.03.30"]
[WhiteClock "0:00:14"]
[BlackClock "0:00:05"]

1. d4 Nf6 2. Nc3 c5 3. d5 b5 4. Nxb5 Ba6 5. a4 e6 6. d6 Bxb5 7. axb5 Qb6 8. c4 Bxd6 9. g3 a6 10. Bd2 Qb7 11. Nf3 axb5 12. Rxa8 Qxa8 13. cxb5 Qa2 14. Bc3 Be7 15. Bg2 d5 16. e3 Qc4 17. Bf1 Qg4 18. Be2 O-O 19. O-O Nbd7 20. Ne5 Qh3 21. Nc6 Bd6 22. Qa4 Ne4 23. Bf3 f5 24. Qa7 Ndf6 25. b6 Nxc3 26. bxc3 Ne4 27. Qd7 Bxg3 28. Qxe6+ Kh8 29. fxg3 Nxg3 30. hxg3 Qxg3+ 31. Bg2 h6 32. b7 Rf6 33. Qxf6 gxf6 34. b8=Q+ Kg7 35. Qxg3+ Kf7 36. Rxf5 d4 37. Qd6 h5 38. Qxf6+ Kg8 39. Rg5+ Kh7 40. Qg7# 1-0


[Site "https://www.chess.com"]

[Event "Titled Tuesday Blitz March 29 Early 2022"]
[White "Paravyan, David"]
[Black "Sanal, Vahap"]
[WhiteFideId "4194985"]
[BlackFideId "6300545"]
[WhiteElo "2569"]
[BlackElo "2603"]
[Result "0-1"]
[Round "10"]
[TimeControl "180+1"]
[Date "2022.03.29"]
[WhiteClock "0:00:05"]
[BlackClock "0:00:13"]

1. e4 e5 2. Nf3 Nc6 3. Nc3 Nf6 4. d4 exd4 5. Nxd4 Bb4 6. Nxc6 bxc6 7. Bd3 d5 8. exd5 O-O 9. O-O cxd5 10. Bg5 c6 11. Qf3 Bd6 12. Rae1 Rb8 13. Nd1 h6 14. Bxf6 Qxf6 15. Qxf6 gxf6 16. b3 Rd8 17. Ne3 Be6 18. Nf5 Bf8 19. Nd4 Bd7 20. Bf5 Be8 21. Rd1 c5 22. Ne2 a5 23. Nf4 Bc6 24. Rfe1 a4 25. Nh5 Rd6 26. Re3 Rb4 27. Rg3+ Kh8 28. Bg4 axb3 29. axb3 Re4 30. h3 Re5 31. Nf4 Re4 32. Nh5 Re5 33. Nf4 Re4 34. Ne2 f5 35. Bf3 Re5 36. Nf4 Be7 37. Nd3 Rde6 38. Nxe5 Rxe5 39. c4 Bh4 40. cxd5 Bd7 41. Rc1 f4 42. Rg4 Bxg4 43. hxg4 Be7 44. Kf1 Kg7 45. Rc4 Bd6 46. Ra4 Re8 47. Ra6 Rd8 48. Ke2 Kf6 49. Kd3 Ke5 50. Kc4 Rb8 51. Ra4 Rb7 52. Kc3 Rb8 53. Re4+ Kf6 54. Ra4 Be5+ 55. Kc2 Bd6 56. Ra6 Rd8 57. Kd3 Ke5 58. Ra1 Rb8 59. Re1+ Kf6 60. Kc2 Be5 61. Rh1 Kg7 62. Rh5 f6 63. Rh1 Ra8 64. Kd3 Ra2 65. Rc1 Bd6 66. Re1 Be5 67. Kc4 Rc2+ 68. Kb5 Kf7 69. Kc6 Rxf2 70. d6 Rd2 71. Bd5+ Ke8 72. Rh1 Ra2 73. Bc4 Rd2 74. Bd5 Ra2 0-1


[Site "https://www.chess.com"]

[Event "Titled Tuesday Blitz March 29 Early 2022"]
[White "Perez Gormaz, Matias"]
[Black "Le Ruyet, Leopold"]
[WhiteFideId "3406342"]
[BlackFideId "645923"]
[WhiteElo "2327"]
[BlackElo "2276"]
[Result "0-1"]
[Round "10"]
[TimeControl "180+1"]
[Date "2022.03.30"]
[WhiteClock "0:00:16"]
[BlackClock "0:00:12"]

1. e4 e6 2. d4 d5 3. Nc3 Bb4 4. Ne2 Nf6 5. e5 Nfd7 6. a3 Be7 7. f4 c5 8. Be3 Nc6 9. Qd2 a6 10. dxc5 Nxc5 11. b4 Nd7 12. Nd4 Nxd4 13. Bxd4 Nb8 14. Bd3 Nc6 15. Bf2 g5 16. O-O gxf4 17. Rae1 Bg5 18. Bc5 b6 19. Bd6 f6 20. b5 Nxe5 21. Bxe5 fxe5 22. Rxe5 O-O 23. Qe2 Qf6 24. h4 Bh6 25. Rh5 Bd7 26. bxa6 Be8 27. Re5 Bg7 28. Re1 Qxe5 29. Qxe5 Bxe5 30. Rxe5 Bg6 31. Bb5 f3 32. gxf3 Rxf3 33. Na4 Rxa3 34. Nxb6 R8xa6 35. Bxa6 Rxa6 36. Rxe6 Bxc2 37. Rd6 Be4 38. Kf2 Kf7 39. Ke3 Ra3+ 40. Kd4 Rh3 41. Nxd5 Rxh4 42. Ne3 Bg6+ 43. Ke5 Re4+ 44. Kd5 Rxe3 45. Rd7+ Kf6 46. Ra7 Rd3+ 47. Kc4 Rd1 48. Kc3 h5 49. Ra6+ Kg5 50. Ra5+ Bf5 51. Ra6 h4 52. Ra8 h3 53. Rg8+ Kf4 54. Rh8 Bg4 55. Kc2 Kg3 56. Rg8 Rg1 57. Rh8 h2 58. Kd2 h1=Q 59. Ra8 Qxa8 0-1


[Site "https://www.chess.com"]

[Event "Titled Tuesday Blitz March 29 Early 2022"]
[White "Posthuma, Joshua"]
[Black "Zemlyanskii, Ivan"]
[WhiteFideId "2096889"]
[BlackFideId "24249971"]
[WhiteElo "2176"]
[BlackElo "1759"]
[Result "1-0"]
[Round "10"]
[TimeControl "180+1"]
[Date "2022.03.29"]
[WhiteClock "0:00:18"]
[BlackClock "0:00:50"]

1. e4 c5 2. Nf3 e6 3. d4 cxd4 4. Nxd4 Nf6 5. Nc3 Nc6 6. Qd3 d5 7. exd5 exd5 8. Bg5 Bc5 9. Nf3 O-O 10. O-O-O Be6 11. Bxf6 Qxf6 12. Nxd5 Qh6+ 13. Qd2 Bxf2 14. Qxh6 gxh6 15. Bb5 Rad8 16. Bxc6 bxc6 17. Ne7+ Kg7 18. Nxc6 Rc8 19. Ncd4 Bg4 20. Rhf1 Be3+ 21. Kb1 Bh5 22. Nf5+ Kf6 23. Nxe3 Rfe8 24. Nd5+ Kg7 25. g4 Bg6 26. Rd2 Red8 27. Nh4 Be4 28. Nf5+ Kh8 29. Nfe7 Rc5 30. Nf6 Rxd2 31. Nxe4 Rcxc2 32. Nxd2 Rxd2 33. Rxf7 Rxh2 34. Nf5 h5 35. Rf8# 1-0


[Site "https://www.chess.com"]

[Event "Titled Tuesday Blitz March 29 Early 2022"]
[White "Postnikov, Daniil"]
[Black "Dronavalli, Harika"]
[WhiteFideId "4166329"]
[BlackFideId "5015197"]
[WhiteElo "2261"]
[BlackElo "2382"]
[Result "1-0"]
[Round "10"]
[TimeControl "180+1"]
[Date "2022.03.29"]
[WhiteClock "0:00:14"]
[BlackClock "0:00:12"]

1. d4 Nf6 2. c4 e6 3. Nf3 c5 4. d5 exd5 5. cxd5 d6 6. Nc3 g6 7. Bf4 a6 8. a4 Bg7 9. h3 O-O 10. e3 Ne8 11. Be2 Nd7 12. O-O Ne5 13. Bxe5 Bxe5 14. Nxe5 dxe5 15. Ne4 b6 16. a5 f5 17. d6 Be6 18. d7 Ng7 19. Nc3 b5 20. Nxb5 axb5 21. Bxb5 Ra7 22. Qa4 Bxd7 23. Rfd1 Rf7 24. Qa3 Qc7 25. Rxd7 Rxd7 26. Bxd7 Qxd7 27. Qxc5 e4 28. b4 Ne6 29. Qc4 Kf7 30. b5 Rc7 31. Qb3 Qc8 32. b6 Rc3 33. b7 Rc1+ 34. Rxc1 Qxc1+ 35. Kh2 Qc7+ 36. g3 Qb8 37. a6 f4 38. exf4 e3 39. fxe3 Ke7 40. Qb4+ Kf7 41. Qb6 Nd8 42. h4 h5 43. Qc5 Nxb7 44. Qd5+ Kf6 45. Qxb7 Qd6 46. Qb2+ Kf5 47. Qe5+ Qxe5 48. fxe5 Ke4 49. a7 Kxe3 50. a8=Q Kd4 51. Qg8 Kxe5 52. Qxg6 Kd4 53. Qxh5 Ke3 54. Qf5 Ke2 55. h5 Ke3 56. h6 Kd4 57. h7 1-0


[Site "https://www.chess.com"]

[Event "Titled Tuesday Blitz March 29 Early 2022"]
[White "Prohorov, Olexandr"]
[Black "Schut, Han"]
[WhiteFideId "14105578"]
[BlackFideId "1005561"]
[WhiteElo "1993"]
[BlackElo "2057"]
[Result "1-0"]
[Round "10"]
[TimeControl "180+1"]
[Date "2022.03.30"]
[WhiteClock "0:00:54"]
[BlackClock "0:00:23"]

1. e4 c5 2. c3 g6 3. d4 cxd4 4. cxd4 d5 5. e5 Nc6 6. Nf3 Bg4 7. Nbd2 Nh6 8. h3 Bxf3 9. Nxf3 f6 10. Bf4 fxe5 11. dxe5 e6 12. Bd3 Bb4+ 13. Kf1 Nf7 14. Rc1 O-O 15. h4 Be7 16. Qd2 Rc8 17. h5 g5 18. Bb1 gxf4 19. Qd3 Re8 20. Qxh7+ Kf8 21. Bg6 Ncxe5 22. Nxe5 Nxe5 23. Qh8# 1-0


[Site "https://www.chess.com"]

[Event "Titled Tuesday Blitz March 29 Early 2022"]
[White "Quirke, Jeffrey"]
[Black "Shtyka, Sergey"]
[WhiteFideId "2013029"]
[BlackFideId "4138465"]
[WhiteElo "2171"]
[BlackElo "2014"]
[Result "0-1"]
[Round "10"]
[TimeControl "180+1"]
[Date "2022.03.30"]
[WhiteClock "0:00:13"]
[BlackClock "0:00:49"]

1. c4 c5 2. Nf3 Nc6 3. Nc3 g6 4. e3 Bg7 5. d4 cxd4 6. exd4 d6 7. Be2 Nf6 8. O-O O-O 9. h3 a6 10. Be3 Rb8 11. Rc1 d5 12. Ne5 dxc4 13. Bxc4 Nxe5 14. dxe5 Qxd1 15. Rfxd1 Nd7 16. f4 e6 17. Ne4 b5 18. Bb3 Nb6 19. Nd6 Nd5 20. Bd2 Bd7 21. g3 f6 22. exf6 Bxf6 23. Ba5 Bxb2 24. Rc2 Bf6 25. Ne4 Bg7 26. Bxd5 exd5 27. Rxd5 Bxh3 28. Rd7 Bxd7 0-1


[Site "https://www.chess.com"]

[Event "Titled Tuesday Blitz March 29 Early 2022"]
[White "Rastbod, Ali"]
[Black "Kobalia, Mikhail"]
[WhiteFideId "12567477"]
[BlackFideId "4119150"]
[WhiteElo "2200"]
[BlackElo "2667"]
[Result "0-1"]
[Round "10"]
[TimeControl "180+1"]
[Date "2022.03.29"]
[WhiteClock "0:00:16"]
[BlackClock "0:00:41"]

1. e4 c5 2. Nf3 e6 3. c3 Nf6 4. e5 Nd5 5. a3 Nc6 6. d4 cxd4 7. cxd4 d6 8. Bd3 dxe5 9. dxe5 Qc7 10. O-O Nxe5 11. Nxe5 Qxe5 12. Re1 Qd6 13. Nc3 Nxc3 14. bxc3 Be7 15. a4 O-O 16. Ba3 Qc7 17. Bxe7 Qxe7 18. Be4 Rb8 19. a5 Bd7 20. Qd4 a6 21. Rab1 Bb5 22. c4 Rfd8 23. Qc3 Bc6 24. Bxc6 bxc6 25. Rb6 Rxb6 26. axb6 Qc5 27. b7 Qb6 28. c5 Qxb7 29. Ra1 Qb5 30. h3 h6 31. Ra5 Qe2 32. Qg3 Rd5 33. Qc3 Rd3 34. Qb4 Rd1+ 35. Kh2 Qxf2 36. Rxa6 Qg1+ 37. Kg3 Qe3+ 0-1


[Site "https://www.chess.com"]

[Event "Titled Tuesday Blitz March 29 Early 2022"]
[White "Ravi, Teja S."]
[Black "Kouskoutis, Georgios-Alexandros"]
[WhiteFideId "5017220"]
[BlackFideId "4234049"]
[WhiteElo "2412"]
[BlackElo "2130"]
[Result "1-0"]
[Round "10"]
[TimeControl "180+1"]
[Date "2022.03.30"]
[WhiteClock "0:01:25"]
[BlackClock "0:00:03"]

1. e4 c5 2. Nf3 e6 3. d4 cxd4 4. Qxd4 Nc6 5. Qe3 b6 6. Be2 Bb7 7. O-O Nf6 8. h3 Bc5 9. Qg5 Nxe4 10. Qxg7 Qf6 11. Qxf6 Nxf6 12. c3 O-O 13. Bh6 Rfe8 14. Nbd2 Kh8 15. Nb3 Be7 16. Ng5 Kg8 17. c4 Rac8 18. Rfd1 Ne5 19. Rac1 d5 20. cxd5 Bxd5 21. Ba6 Rxc1 22. Rxc1 Bf8 23. Bxf8 Kxf8 24. Nd4 h6 25. f4 hxg5 26. fxe5 Nd7 27. Bb5 Rd8 28. Re1 Bxa2 29. Nc6 Ra8 30. Nb4 Nc5 31. Nxa2 a6 32. Bf1 Rd8 33. Nb4 a5 34. Na6 Rd2 35. Nxc5 bxc5 36. Re2 Rd1 37. Kf2 Rb1 38. Rc2 Kg7 39. Bb5 Kh6 40. Ba4 Ra1 41. b3 Rd1 42. Rxc5 Rd4 43. Rxa5 g4 44. hxg4 Kg5 45. Rc5 Kxg4 46. Rc4 Rxc4 47. bxc4 Kf5 48. c5 Kxe5 49. Bb3 Kf6 50. c6 Ke7 51. Ba4 Kd6 52. g4 f6 53. Kf3 Kc7 54. Ke4 Kd6 55. Kd4 Kc7 56. Kc5 1-0


[Site "https://www.chess.com"]

[Event "Titled Tuesday Blitz March 29 Early 2022"]
[White "Reprintsev, Alexander"]
[Black "Shuvalova, Polina"]
[WhiteFideId "14100541"]
[BlackFideId "24171760"]
[WhiteElo "2108"]
[BlackElo "2355"]
[Result "0-1"]
[Round "10"]
[TimeControl "180+1"]
[Date "2022.03.29"]
[WhiteClock "0:00:04"]
[BlackClock "0:00:32"]

1. e4 c5 2. b3 Nc6 3. Bb2 d6 4. Bb5 Bd7 5. Ne2 a6 6. Bxc6 Bxc6 7. d3 e5 8. f4 exf4 9. Nxf4 Ne7 10. O-O Ng6 11. Qh5 Qh4 12. Nd2 Qxh5 13. Nxh5 f6 14. c4 Ne5 15. Bxe5 dxe5 16. Rad1 O-O-O 17. Nb1 Be8 18. Ng3 Bd6 19. Nc3 Rf8 20. Nd5 Bc6 21. Nf5 Bxd5 22. cxd5 Rd7 23. a4 b6 24. Rc1 a5 25. g4 g6 26. Ne3 Rdf7 27. Rc2 Kc7 28. Rcf2 Kd7 29. h4 h6 30. Kg2 Bc7 31. d6 Kxd6 32. Nd5 Bd8 33. Kg3 f5 34. gxf5 gxf5 35. Kh3 Ke6 36. Ne3 f4 37. Nf5 Rd7 38. Rf3 Rxf5 39. exf5+ Kxf5 40. Rg1 e4 41. dxe4+ Kxe4 42. Rgf1 Bc7 43. Kg4 Rd5 44. R3f2 h5+ 45. Kh3 Rd3+ 46. Kh2 f3+ 47. Kh3 Rxb3 48. Rd2 Bf4 49. Rd8 Rb2 50. Re8+ Be5 51. Rh1 c4 52. Rc8 c3 53. Rc4+ Ke3 54. Rc6 Re2 55. Rxb6 c2 56. Rc6 Kd3 57. Rc5 Bd4 58. Rxa5 f2 0-1


[Site "https://www.chess.com"]

[Event "Titled Tuesday Blitz March 29 Early 2022"]
[White "Sahil, Tickoo"]
[Black "Lehtosaari, Mauri"]
[WhiteFideId "5019710"]
[BlackFideId "501999"]
[WhiteElo "2099"]
[BlackElo "2480"]
[Result "1-0"]
[Round "10"]
[TimeControl "180+1"]
[Date "2022.03.30"]
[WhiteClock "0:00:06"]
[BlackClock "0:00:35"]

1. d4 d5 2. Bf4 c5 3. e3 Nc6 4. c3 Nf6 5. Nd2 Bf5 6. Ngf3 Qb6 7. Nh4 Be4 8. Qb3 c4 9. Qxb6 axb6 10. Nxe4 Nxe4 11. a3 b5 12. f3 Nf6 13. Rc1 e6 14. g4 Be7 15. Ng2 Nd7 16. Be2 O-O 17. Kf2 e5 18. Bg3 f5 19. gxf5 Rxf5 20. Rhf1 exd4 21. exd4 Bg5 22. Rce1 Nb6 23. Bd1 Na4 24. Bxa4 bxa4 25. Re6 Raf8 26. Ke2 h5 27. h4 Bh6 28. Ne3 Bxe3 29. Rxe3 Kf7 30. Be5 Nxe5 31. Rxe5 Rxe5+ 32. dxe5 Ke6 33. f4 Kf5 34. Kf3 Ke6 35. Rg1 Kf7 36. f5 Re8 37. Kf4 Ra8 38. Rd1 Ra5 39. Kg5 Rb5 40. e6+ Ke7 41. Kg6 Rxb2 42. Rxd5 Rg2+ 43. Kxh5 Kf6 44. Rd7 g6+ 45. fxg6 Kxe6 46. Rxb7 Rg3 47. g7 Kf6 48. Kh6 Rg4 49. h5 Rg3 50. Kh7 Rh3 51. h6 Rg3 52. g8=Q Rxg8 53. Kxg8 1-0


[Site "https://www.chess.com"]

[Event "Titled Tuesday Blitz March 29 Early 2022"]
[White "Sanchez, Robert"]
[Black "Maung, Maung Kyaw Zaw Hein"]
[WhiteFideId "2034360"]
[BlackFideId "13001698"]
[WhiteElo "2284"]
[BlackElo "1785"]
[Result "0-1"]
[Round "10"]
[TimeControl "180+1"]
[Date "2022.03.30"]
[WhiteClock "0:01:34"]
[BlackClock "0:01:03"]

1. e4 c6 2. Nf3 d5 3. Nc3 Bg4 4. h3 Bxf3 5. Qxf3 e6 6. d4 Nf6 7. e5 Nfd7 8. Bf4 a6 9. O-O-O c5 10. dxc5 Bxc5 11. g4 O-O 12. Bd3 Nc6 13. Rhe1 Nb4 14. Kb1 Nxd3 15. cxd3 Rc8 16. d4 Bb4 17. Bd2 Nb6 18. Qd3 Nc4 19. Bc1 Qa5 20. f4 Rc6 21. f5 Rfc8 22. f6 Bxc3 23. bxc3 Na3+ 24. Bxa3 Qxa3 25. Rc1 Rb6+ 26. Ka1 Qb2# 0-1


[Site "https://www.chess.com"]

[Event "Titled Tuesday Blitz March 29 Early 2022"]
[White "Sapunov, Evgeny"]
[Black "Caruana, Fabiano"]
[WhiteFideId "4126661"]
[BlackFideId "2020009"]
[WhiteElo "2470"]
[BlackElo "2744"]
[Result "0-1"]
[Round "10"]
[TimeControl "180+1"]
[Date "2022.03.29"]
[WhiteClock "0:00:07"]
[BlackClock "0:00:16"]

1. c4 g6 2. Nf3 Bg7 3. d4 d6 4. Nc3 Nf6 5. e4 O-O 6. Be2 e5 7. O-O h6 8. Re1 Re8 9. d5 a5 10. Rb1 Na6 11. b3 Nh7 12. g3 Rf8 13. a3 f5 14. Nh4 Qf6 15. b4 Nxb4 16. axb4 axb4 17. Rxb4 f4 18. Rb2 Ng5 19. Bg4 Bxg4 20. Qxg4 h5 21. Qe2 Ra3 22. Rc2 Ra1 23. Bd2 Rxe1+ 24. Bxe1 f3 25. Qf1 Nf7 26. Bd2 Nh6 27. Nb5 g5 28. Nf5 Nxf5 29. exf5 Qxf5 30. Rc1 Rf7 31. Be3 h4 32. c5 hxg3 33. hxg3 Bf8 34. cxd6 cxd6 35. Rc4 g4 36. Qc1 Rh7 37. Bg5 e4 38. Bh4 Qxd5 39. Qg5+ Qxg5 40. Bxg5 Rh5 41. Rxe4 Rxg5 42. Nc3 Bg7 43. Nd1 Re5 44. Rxe5 Bxe5 45. Ne3 b5 46. Kf1 b4 47. Ke1 b3 48. Kd1 Bd4 49. Nxg4 Kf7 50. Nh2 Bxf2 51. Nxf3 Bxg3 52. Nd4 b2 53. Kc2 Be5 54. Ne2 Ke6 55. Ng1 Kf5 56. Nf3 Ke4 57. Nd2+ Kf4 58. Nc4 d5 59. Nxb2 Bxb2 60. Kxb2 Ke3 0-1


[Site "https://www.chess.com"]

[Event "Titled Tuesday Blitz March 29 Early 2022"]
[White "Sarana, Alexey"]
[Black "Vasquez Schroeder, Rodrigo"]
[WhiteFideId "24133795"]
[BlackFideId "3400042"]
[WhiteElo "2666"]
[BlackElo "2561"]
[Result "0-1"]
[Round "10"]
[TimeControl "180+1"]
[Date "2022.03.29"]
[WhiteClock "0:00:03"]
[BlackClock "0:00:04"]

1. d4 d5 2. c4 c6 3. Nf3 Nf6 4. Nc3 e6 5. e3 Nbd7 6. Qc2 Bd6 7. Be2 O-O 8. O-O b6 9. e4 dxe4 10. Nxe4 Nxe4 11. Qxe4 Bb7 12. Rd1 Qe7 13. Bf4 Nf6 14. Bxd6 Qxd6 15. Qe5 Rfd8 16. Rac1 Rac8 17. c5 Qe7 18. Bc4 Nd7 19. Qh5 Nf6 20. Qg5 h6 21. Qe3 Nd5 22. Qa3 Ra8 23. Ne5 b5 24. Be2 a5 25. Qg3 Nf6 26. Bf3 Rac8 27. Rd2 Qc7 28. h4 Nd7 29. Rcd1 Nf6 30. Qf4 Nd5 31. Qe4 Nf6 32. Qe3 Nd5 33. Qd3 b4 34. g3 Ra8 35. Qe4 Ba6 36. Re1 Bb5 37. Bh5 Rf8 38. Bf3 Rad8 39. Qg4 Nf6 40. Qf4 Nd5 41. Qe4 Nf6 42. Qc2 Nd5 43. Kg2 Rfe8 44. Rdd1 Re7 45. Qe4 Ree8 46. Qg4 Nf6 47. Qf4 Nd5 48. Qc1 Nf6 49. Re3 Nd7 50. Ng4 h5 51. Ne5 Nxe5 52. Rxe5 Rxd4 53. Rxh5 Rxd1 54. Bxd1 Qe7 55. Bc2 g6 56. Rg5 Rd8 57. h5 Rd5 58. Rxd5 exd5 59. hxg6 fxg6 60. Bxg6 Kg7 61. Bf5 d4 62. Qf4 Qxc5 63. Qg5+ Kf8 64. Qf6+ Ke8 65. g4 Qd5+ 66. f3 d3 67. Be4 Qc5 68. Qg6+ Kd7 69. Bxd3 Qd4 70. Bf5+ Kc7 71. Qf7+ Kb6 72. Qe7 Qxb2+ 73. Kg3 Qd4 74. g5 a4 75. g6 b3 76. axb3 a3 77. g7 a2 78. g8=Q Qg1+ 79. Kf4 Qxg8 80. Qe3+ c5 81. Qe5 Qd8 82. Qa1 Qd4+ 83. Kg5 Qxa1 0-1


[Site "https://www.chess.com"]

[Event "Titled Tuesday Blitz March 29 Early 2022"]
[White "Sargsyan, Anna M."]
[Black "Shohat, Yotam"]
[WhiteFideId "13308130"]
[BlackFideId "2813955"]
[WhiteElo "2271"]
[BlackElo "2119"]
[Result "1-0"]
[Round "10"]
[TimeControl "180+1"]
[Date "2022.03.30"]
[WhiteClock "0:00:30"]
[BlackClock "0:00:01"]

1. d4 Nf6 2. c4 g6 3. g3 Bg7 4. Bg2 O-O 5. Nc3 d6 6. Nf3 Nbd7 7. O-O e5 8. e4 c6 9. h3 Qb6 10. c5 dxc5 11. dxe5 Ne8 12. e6 fxe6 13. Ng5 Ne5 14. f4 c4+ 15. Kh2 Nd3 16. e5 Nc7 17. Nce4 Nd5 18. Nd6 Nxb2 19. Qg4 Bd7 20. Bxb2 Qxb2 21. Nxc4 Qd4 22. Rac1 b5 23. Rfd1 Qf2 24. Rd2 Qc5 25. Ne4 Qb4 26. a3 Qb3 27. Nc5 bxc4 28. Nxb3 cxb3 29. Rb2 Rab8 30. Qf3 Bxe5 31. Rxb3 Rxb3 32. Qxb3 Nxf4 33. Re1 Nxg2 34. Rxe5 Rf2 35. Kg1 Rd2 36. Qb4 Ra2 37. Qe7 Ne1 38. Qd8+ 1-0


[Site "https://www.chess.com"]

[Event "Titled Tuesday Blitz March 29 Early 2022"]
[White "Shuvalov, Evgenij"]
[Black "Ljukin, Sergei"]
[WhiteFideId "4187237"]
[BlackFideId "14102200"]
[WhiteElo "2151"]
[BlackElo "2312"]
[Result "1-0"]
[Round "10"]
[TimeControl "180+1"]
[Date "2022.03.30"]
[WhiteClock "0:00:32"]
[BlackClock "0:00:41"]

1. Nf3 d5 2. c4 d4 3. b4 f6 4. e3 e5 5. c5 Nc6 6. Bc4 Nh6 7. a3 Bg4 8. h3 Bh5 9. d3 Bf7 10. exd4 Nxd4 11. Bxh6 Bxc4 12. dxc4 gxh6 13. Nxd4 Qxd4 14. Qh5+ Ke7 15. Ra2 Qxc4 16. Qe2 Qc1+ 17. Qd1 Qxd1+ 18. Kxd1 Rd8+ 19. Rd2 Bg7 20. Kc2 Rxd2+ 21. Nxd2 f5 22. g4 Ke6 23. gxf5+ Kxf5 24. f3 Bf6 25. Ne4 Rd8 26. Rg1 Bg5 27. Rg4 Rd7 28. Kc3 Rd1 29. h4 Rf1 30. Ng3+ 1-0


[Site "https://www.chess.com"]

[Event "Titled Tuesday Blitz March 29 Early 2022"]
[White "Silva, Mariana Sofia T."]
[Black "Borodavkin, Anatoly"]
[WhiteFideId "1911899"]
[BlackFideId "14150662"]
[WhiteElo "1825"]
[BlackElo "1845"]
[Result "1-0"]
[Round "10"]
[TimeControl "180+1"]
[Date "2022.03.30"]
[WhiteClock "0:00:01"]
[BlackClock "0:00:01"]

1. d4 d5 2. c4 Nc6 3. g3 Nf6 4. Bg2 Bg4 5. h3 Bh5 6. g4 Bg6 7. Nf3 e6 8. Nc3 Be7 9. Ne5 O-O 10. cxd5 Nxd5 11. Nxc6 bxc6 12. O-O Rb8 13. e4 Nf6 14. f4 h6 15. f5 Bh7 16. e5 Nd5 17. Nxd5 cxd5 18. f6 gxf6 19. Bxh6 fxe5 20. Bxf8 Qxf8 21. Qd2 exd4 22. Kh1 Qg7 23. Qf4 Bd6 24. Qf2 a5 25. Rae1 d3 26. Rd1 Rxb2 27. Qa7 Rxa2 28. Rb1 d2 29. Rb8+ Bf8 30. Qa8 Rc2 31. Bf3 Rc1 32. Bd1 Bc2 33. Qa6 Rxd1 34. Rxd1 Bxd1 35. Qd3 Bf3+ 36. Qxf3 Qa1+ 37. Kg2 d1=Q 38. Qe3 1-0


[Site "https://www.chess.com"]

[Event "Titled Tuesday Blitz March 29 Early 2022"]
[White "Silvestre, Christian"]
[Black "Karavade, Eesha"]
[WhiteFideId "30956269"]
[BlackFideId "5012600"]
[WhiteElo "2411"]
[BlackElo "2258"]
[Result "0-1"]
[Round "10"]
[TimeControl "180+1"]
[Date "2022.03.30"]
[WhiteClock "0:01:59"]
[BlackClock "0:02:09"]

1. Nf3 Nf6 2. d3 d5 3. g3 g6 4. Bg2 Bg7 5. O-O O-O 6. c4 dxc4 7. dxc4 Qxd1 8. Rxd1 c6 9. Nc3 Be6 10. b3 Ne4 11. Nxe4 Bxa1 12. Ba3 Bg7 13. Bxe7 Re8 14. Ba3 Na6 15. Nd6 Red8 16. Rc1 Bf8 17. c5 Nxc5 18. Bxc5 Bxd6 19. e3 Bxc5 0-1


[Site "https://www.chess.com"]

[Event "Titled Tuesday Blitz March 29 Early 2022"]
[White "Srinath, Rao S.V."]
[Black "Namitbir Singh Walia"]
[WhiteFideId "5028876"]
[BlackFideId "35071068"]
[WhiteElo "2181"]
[BlackElo "1565"]
[Result "1-0"]
[Round "10"]
[TimeControl "180+1"]
[Date "2022.03.30"]
[WhiteClock "0:01:41"]
[BlackClock "0:01:26"]

1. c4 Nf6 2. Nc3 e6 3. e4 d6 4. d4 Nc6 5. Nf3 g6 6. Be2 Bg7 7. O-O O-O 8. Be3 e5 9. dxe5 dxe5 10. Qc2 Be6 11. Rad1 Qc8 12. Nd5 Re8 13. a3 Ng4 14. b4 Nxe3 15. fxe3 Nd8 16. Ng5 c6 17. Nf6+ Bxf6 18. Rxf6 h6 19. Nxe6 Rxe6 20. Bg4 Qc7 21. Bxe6 Nxe6 22. Rdf1 Rf8 23. Qf2 Kg7 24. Rxe6 1-0


[Site "https://www.chess.com"]